AoeStats
← angryknife3

Arabia

508918202Analyzed
1v1 RM · 7d ago on Sep 24, 2026· 58m 52s· 2 players
Game mode
Random Map
Map size
Tiny (2 player)
Population
200
Speed
Normal
Resources
Standard
Victory
Conquest
Starting age
Dark Age
Ending age
Imperial Age
RankedLock teamsTeams togetherTeam positionsShared explorationLock speedFull tech treeHidden civsTurbo modeCheats
Victory
Defeat
🇬🇧 Saracens · United Kingdom
1085
+16
🇩🇪 Varangians · Germany
1091
-16
nelkhuja
7:57 Loom
10:25 Feudal Age
15:45 Castle Age
15:48 Double-Bit Axe
17:12 Horse Collar
22:22 Wheelbarrow
22:30 Stone Mining
24:23 Forging
24:49 Gold Mining
26:19 Bloodlines
26:18 Scale Barding Armor
28:40 Fletching
31:52 Imperial Age
29:41 Husbandry
31:54 Iron Casting
31:43 Town Watch
32:45 Bow Saw
33:23 Conscription
33:17 Heavy Camel Rider
36:10 Chain Barding Armor
37:41 Blast Furnace
37:26 Gold Shaft Mining
40:24 Heavy Plow
42:22 Ballistics
42:07 Bodkin Arrow
45:18 Hand Cart
45:13 Elite Mameluke
46:32 Hoardings
48:17 Plate Barding Armor
49:54 Two-Man Saw
50:21 Masonry
51:19 Chemistry
51:06 Light Cavalry
51:53 Bracer
angryknife3
7:27 Loom
10:48 Feudal Age
14:57 Castle Age
13:17 Double-Bit Axe
14:11 Horse Collar
16:29 Bow Saw
24:24 Wheelbarrow
23:55 Heavy Plow
25:12 Forging
27:01 Iron Casting
26:48 Husbandry
28:04 Scale Barding Armor
28:57 Hand Cart
31:02 Bloodlines
30:46 Town Watch
31:11 Gold Mining
32:26 Chain Barding Armor
37:24 Imperial Age
35:41 Stone Mining
37:52 Elite Jarl
38:55 Conscription
39:47 Blast Furnace
40:23 Plate Barding Armor
43:58 Town Patrol
44:59 Stone Shaft Mining
44:24 Treadmill Crane
44:55 Masonry
46:02 Scale Mail Armor
47:04 Architecture
46:26 Gothikon
48:00 Chain Mail Armor
49:06 Two-Man Saw
48:47 Crop Rotation
49:15 Squires
49:01 Gambesons
49:04 Arson
50:01 Plate Mail Armor
50:14 Elite Varangian Guard
53:17 Fletching
55:18 Padded Archer Armor
55:13 Bodkin Arrow
57:39 Guilds
Connection lost

Rejoining the realm…

Still unreachable

The connection could not be restored.

Session expired

The server has moved on; the page needs a fresh start.